 Dungeon Sprint DCSS version 0.31-a0-7-g51783674b7 (webtiles) character file.

Game seed: 9365102254081840514

9564 sircluck the Severer (level 11, -6/123 HPs)
             Began as a Hill Orc Fighter on May 5, 2023.
             Was a Believer of Elyvilon.
             Mangled by a demonic crawler (14 damage)
             ... in the Dungeon (Sprint I: "Red Sonja").
             The game lasted 00:07:59 (2126 turns).

sircluck the Severer (Hill Orc Fighter)             Turns: 2126, Time: 00:07:59

Health: -6/123     AC: 13    Str: 29 (30) XL:     11   Next: 48%
Magic:  3/9        EV: 11    Int:  8      God:    Elyvilon [**....]
Gold:   102        SH:  5    Dex:  7 (8)  Spells: 10/10 levels left

rFire   . . .        a - +0 war axe
rCold   x x .        c - +0 buckler
rNeg    . . .        b - +0 scale mail
rPois   .            (no helmet)
rElec   .            q - +0 cloak {Stlth+}
rCorr   .            (no gloves)
SInv    .            (no boots)
Will    +....        s - amulet of regeneration
Stlth   ++++         n - +6 ring of strength
HPRegen 1.20/turn    d - ring of willpower
MPRegen 0.11/turn

%: no teleportation
@: no status effects
A: iridescent scales 1, clumsy 1, deterioration 1, low MP 1, robust 1, cold
vulnerability 2, inability to drink after injury 1, inability to read after
injury 1, MP-powered wands
a: Renounce Religion, Purification, Heal Other


You were in the Dungeon.
You worshipped Elyvilon.
Elyvilon was pleased with you.
You visited 1 branch You collected 1195 gold pieces.
You spent 1093 gold pieces at shops.

Inventory:

Hand Weapons
 a - a +0 war axe (weapon)
 r - a +3 hand axe of flaming
Missiles
 j - 7 poisoned darts
 m - 5 curare-tipped darts (quivered)
Armour
 b - a +0 scale mail (worn)
 c - a +0 buckler (worn)
 q - a +0 cloak of stealth (worn)
Jewellery
 d - a ring of willpower (right hand)
 n - a +6 ring of strength (left hand)
 s - an amulet of regeneration (around neck)
Wands
 k - a wand of paralysis (5)
 l - a wand of flame (9)
Scrolls
 i - a scroll of vulnerability
 o - 2 scrolls of identify
 p - a scroll of enchant weapon {unknown}
Potions
 e - a potion of curing
 h - 2 potions of magic


   Skills:
 + Level 15.2 Fighting
 + Level 19.9 Axes
 + Level 3.9 Throwing
 + Level 13.0 Armour
 + Level 5.3 Dodging
 + Level 11.0 Stealth
 + Level 8.6 Shields
 + Level 1.7 Evocations


You had 10 spell levels left.
You didn't know any spells.
Your spell library contained the following spells:

 Spells                   Type           Power      Damage    Failure   Level
 Poisonous Vapours        Pois/Air       0%         N/A       78%         2
 Mephitic Cloud           Conj/Pois/Air  0%         N/A       95%         3
 Freezing Cloud           Conj/Ice/Air   0%         6-21      100%        5


Dungeon Overview and Level Annotations

Branches:
Dungeon (1/1)

Altars:
Cheibriados
Dithmenos
Elyvilon
Fedhas
Gozag
Hepliaklqana
Kikubaaqudgha
Makhleb
Nemelex Xobeh
Okawaru
Qazlal
Ru
Sif Muna
Trog
Uskayaw
Vehumet
Wu Jian
Xom
Yredelemnul
Zin
The Shining One
Jiyva
Lugonu

Shops:
D =![*[*(:![=?:!****([[


Innate Abilities, Weirdness & Mutations

You are partially covered in iridescent scales. (AC +2)
You are clumsy. (Dex -2)
Your body sometimes deteriorates upon taking damage.
Your magical capacity is low. (-10% MP)
You are robust. (+10% HP)
You are very vulnerable to cold. (rC--)
You occasionally lose the ability to drink potions when taking damage.
You occasionally lose the ability to read scrolls when taking damage.
You expend magic power (3 MP) to strengthen your wands.


Message History

Aiming: Throw Flame
Press: ? - help, Q - select action, (/) - cycle Shift-Dir - straight line, f/p - demonic crawler
Aim: a demonic crawler (lightly wounded, 86% to hit)
You feel a surge of power!
The puff of flame hits the demonic crawler.
The demonic crawler is lightly wounded.
You block the demonic crawler's attack. The demonic crawler misses you. x2
The demonic crawler hits you but does no damage.
The demonic crawler hits you.
* * * LOW HITPOINT WARNING * * *
The demonic crawler hits you but does no damage.
You slice the demonic crawler!!
The demonic crawler is heavily wounded.
You hit the demonic crawler.
The demonic crawler is severely wounded.
The demonic crawler closely misses you. x2
The demonic crawler barely misses you.
You closely miss the demonic crawler.
The demonic crawler is heavily wounded.
You block the demonic crawler's attack.
The demonic crawler hits you but does no damage.
The demonic crawler barely misses you.
You hit the demonic crawler but do no damage.
The demonic crawler is heavily wounded.
The demonic crawler barely misses you. The demonic crawler hits you!
* * * LOW HITPOINT WARNING * * *
The demonic crawler hits you.
* * * LOW HITPOINT WARNING * * *
You slash the demonic crawler!
The demonic crawler is heavily wounded.
You block the demonic crawler's attack. The demonic crawler hits you.
* * * LOW HITPOINT WARNING * * *
The demonic crawler hits you!
* * * LOW HITPOINT WARNING * * *
Unknown command.
You feel better. The demonic crawler hits you.
* * * LOW HITPOINT WARNING * * *
You block the demonic crawler's attack. The demonic crawler closely misses you.
The demonic crawler hits you!
You die...

##########################
#<.#..').#..'..#__#..'.).#
#..').#..').#..'.s'ss#)..##+#
#..#####'#####s#__####...'..#
#..####..#...#@####.§#####..+
#..#__####..##.#§~§))#§.# +##
#..#_____##'#_.+§~~.§§§§#
#⌠⌠#_.∩...'..._#~§§§.#§§#
####_..__##_.#'##+#####'###
#_____###'#.#....###.'.#
############.####'###.###.#
#∩........'...'.....'.∩##.#
###''''####.).###########.#


You could see a demonic crawler.

Vanquished Creatures
  2 centaur warriors (D)
  Sonja (D)
  A deep troll (D)
  An oklob plant (D)
  8 shining eyes (D)
  2 demonic crawlers (D)
  2 unseen horrors (D)
  2 kobold demonologists (D)
  A hornet (D)
  Sigmund (D)
  A slime creature (D)
  A yak (D)
  2 redbacks (D)
  6 floating eyes (D)
  An ogre (D)
  7 necrophages (D)
  8 jellies (D)
  Ijyb (D)
48 creatures vanquished.

Vanquished Creatures (others)
  2 ballistomycete spores (D)
2 creatures vanquished.

Grand Total: 50 creatures vanquished

Notes
Turn   | Place    | Note
-------+----------+-------------------------------------------
     0 | D        | sircluck the Hill Orc Fighter began the quest for the Orb.
     0 | D        | Reached XP level 1. HP: 19/19 MP: 1/1
     1 | D        | Noticed Ijyb
     6 | D        | Paralysed by Ijyb for 5 turns
    14 | D        | Paralysed by Ijyb for 3 turns
    24 | D        | Killed Ijyb
    25 | D        | Reached skill level 5 in Fighting
    25 | D        | Reached skill level 3 in Axes
    25 | D        | Reached XP level 2. HP: 4/29 MP: 2/2
   127 | D        | Noticed an ogre
   135 | D        | Killed an ogre
   136 | D        | Reached skill level 4 in Axes
   136 | D        | Reached skill level 1 in Dodging
   136 | D        | Reached skill level 5 in Shields
   136 | D        | Reached XP level 3. HP: 38/38 MP: 3/3
   136 | D        | Reached XP level 4. HP: 45/45 MP: 4/4
   146 | D        | Noticed Sigmund
   151 | D        | Killed Sigmund
   152 | D        | Reached skill level 6 in Axes
   152 | D        | Reached XP level 5. HP: 53/53 MP: 5/5
   152 | D        | Reached XP level 6. HP: 61/61 MP: 6/6
   165 | D        | Found an ornate altar of the Wu Jian Council.
   165 | D        | Found a shimmering blue altar of Sif Muna.
   167 | D        | Found a radiant altar of Vehumet.
   214 | D        | Found Ziagoit's General Store.
   214 | D        | Found an ancient bone altar of Kikubaaqudgha.
   214 | D        | Found a hazy altar of Hepliaklqana.
   214 | D        | Found a stormy altar of Qazlal.
   214 | D        | Found a hide-covered altar of Uskayaw.
   214 | D        | Found a blossoming altar of Fedhas.
   214 | D        | Found a bloodstained altar of Trog.
   214 | D        | Found an iron altar of Okawaru.
   214 | D        | Found a basalt altar of Yredelemnul.
   214 | D        | Found a glowing golden altar of the Shining One.
   214 | D        | Found a snail-covered altar of Cheibriados.
   214 | D        | Found a sacrificial altar of Ru.
   214 | D        | Found a glowing silver altar of Zin.
   214 | D        | Found a shadowy altar of Dithmenos.
   214 | D        | Found a white marble altar of Elyvilon.
   214 | D        | Noticed a yak
   215 | D        | Found an opulent altar of Gozag.
   223 | D        | Killed a yak
   224 | D        | Reached skill level 8 in Axes
   224 | D        | Reached skill level 5 in Stealth
   224 | D        | Reached XP level 7. HP: 45/69 MP: 7/7
   224 | D        | Found a sparkling altar of Nemelex Xobeh.
   263 | D        | Became a worshipper of Elyvilon the Healer
   277 | D        | Found a burning altar of Makhleb.
   277 | D        | Found a viscous altar of Jiyva.
   277 | D        | Found a shimmering altar of Xom.
   277 | D        | Found a corrupted altar of Lugonu.
   277 | D        | Noticed a slime creature
   285 | D        | Killed a slime creature
   286 | D        | Reached skill level 9 in Axes
   406 | D        | Noticed a kobold demonologist
   407 | D        | Noticed a kobold demonologist
   410 | D        | Paralysed by a floating eye for 2 turns
   414 | D        | Reached skill level 1 in Evocations
   419 | D        | Killed a kobold demonologist
   420 | D        | Reached skill level 10 in Axes
   420 | D        | Reached XP level 8. HP: 57/78 MP: 8/8
   423 | D        | Killed a kobold demonologist
   424 | D        | Reached skill level 11 in Axes
   496 | D        | Noticed Sonja
   499 | D        | Killed Sonja
   500 | D        | Reached skill level 10 in Fighting
   500 | D        | Reached skill level 13 in Axes
   500 | D        | Reached skill level 10 in Armour
   500 | D        | Reached XP level 9. HP: 85/85 MP: 9/9
   557 | D        | Found Xodduasch's Jewellery Boutique.
   565 | D        | Bought a +6 ring of strength for 396 gold pieces
   568 | D        | Reached * piety under Elyvilon
   568 | D        | Noticed a shining eye
   568 | D        | Noticed a shining eye
   568 | D        | Noticed a shining eye
   571 | D        | Gained mutation: Your magical capacity is low. (-10% MP) [a
                  | shining eye]
   575 | D        | Gained mutation: Your movements are slightly less
                  | encumbered by armour. (ER -2) [a shining eye]
   576 | D        | Paralysed by a floating eye for 4 turns
   587 | D        | Killed a shining eye
   588 | D        | Reached skill level 14 in Axes
   588 | D        | Reached skill level 1 in Throwing
   589 | D        | Noticed a shining eye
   589 | D        | Noticed a shining eye
   589 | D        | Noticed a shining eye
   589 | D        | Gained mutation: Your body sometimes deteriorates upon
                  | taking damage. [a shining eye]
   592 | D        | Gained mutation: You sometimes lose your temper in combat.
                  | [a shining eye]
   594 | D        | Gained mutation: You are vulnerable to cold. (rC-) [a
                  | shining eye]
   596 | D        | Gained mutation: Your spells are a little easier to cast,
                  | but a little less powerful. [a shining eye]
   598 | D        | Killed a shining eye
   598 | D        | Killed a shining eye
   599 | D        | Reached skill level 15 in Axes
   599 | D        | Reached skill level 10 in Stealth
   599 | D        | Gained mutation: You are partially covered in iridescent
                  | scales. (AC +2) [a shining eye]
   601 | D        | Gained mutation: You are dopey. (Int -2) [a shining eye]
   603 | D        | Killed a shining eye
   603 | D        | Gained mutation: You are very vulnerable to cold. (rC--) [a
                  | shining eye]
   604 | D        | Reached skill level 16 in Axes
   604 | D        | Reached XP level 10. HP: 96/96 MP: 9/9
   604 | D        | Gained mutation: You are clumsy. (Dex -2) [a shining eye]
   605 | D        | Gained mutation: Your body often deteriorates upon taking
                  | damage. [a shining eye]
   606 | D        | Gained mutation: You occasionally lose the ability to drink
                  | potions when taking damage. [a shining eye]
   607 | D        | Gained mutation: You are frail. (-10% HP) [a shining eye]
   610 | D        | Killed a shining eye
   611 | D        | Paralysed by a floating eye for 3 turns
   612 | D        | Gained mutation: You are weak. (Str -2) [a shining eye]
   618 | D        | Killed a shining eye
   619 | D        | Reached skill level 17 in Axes
   620 | D        | Paralysed by a floating eye for 2 turns
   626 | D        | Noticed a shining eye
   626 | D        | Noticed a shining eye
   628 | D        | Gained mutation: You occasionally lose the ability to read
                  | scrolls when taking damage. [a shining eye]
   633 | D        | Gained mutation: You are very dopey. (Int -4) [a shining
                  | eye]
   635 | D        | Killed a shining eye
   635 | D        | Gained mutation: You are very clumsy. (Dex -4) [a shining
                  | eye]
   640 | D        | Killed a shining eye
   641 | D        | Reached skill level 18 in Axes
   656 | D        | Found Vihit's Distillery.
   656 | D        | Found Ynimos's Antique Armour Shop.
   656 | D        | Found Faoje's Armour Emporium.
   656 | D        | Found Geukh's Assorted Antiques.
   666 | D        | Bought a potion of mutation for 80 gold pieces
   666 | D        | Lost mutation: Your movements are slightly less encumbered
                  | by armour. (ER -2) [potion of mutation]
   666 | D        | Lost mutation: Your spells are a little easier to cast, but
                  | a little less powerful. [potion of mutation]
   666 | D        | Lost mutation: You are very dopey. (Int -4) [potion of
                  | mutation]
   705 | D        | Noticed a deep troll
   715 | D        | Killed a deep troll
   733 | D        | Found Aridgh's Armour Emporium.
   745 | D        | Lost mutation: You occasionally lose the ability to read
                  | scrolls when taking damage. [potion of mutation]
   745 | D        | Lost mutation: You are very clumsy. (Dex -4) [potion of
                  | mutation]
   745 | D        | Lost mutation: You are frail. (-10% HP) [potion of
                  | mutation]
   745 | D        | Lost mutation: You are weak. (Str -2) [potion of mutation]
   764 | D        | Noticed a centaur warrior
   766 | D        | Noticed a centaur warrior
   772 | D        | Killed a centaur warrior
   775 | D        | Killed a centaur warrior
   776 | D        | Reached skill level 19 in Axes
   776 | D        | Reached XP level 11. HP: 82/108 MP: 9/9
   915 | D        | Paralysed by a hornet for 2 turns
   921 | D        | Paralysed by a hornet for 2 turns
   937 | D        | Noticed an oklob plant
   941 | D        | Killed an oklob plant
   942 | D        | Reached skill level 5 in Dodging
  1545 | D        | Reached ** piety under Elyvilon
  1802 | D        | Identified the staff of air "Dioroak" {rElec rF++}
  1813 | D        | Found Mehu's Assorted Antiques.
  1813 | D        | Found Miofot's Armour Emporium.
  1813 | D        | Found Erupolol's Weapon Emporium.
  1815 | D        | Found Qasol's Assorted Antiques.
  1815 | D        | Found Dywoed's General Store.
  1815 | D        | Found Amnes's General Store.
  1815 | D        | Found Oji Wuss's Distillery.
  1815 | D        | Found Honeal's Book Boutique.
  1815 | D        | Found Dote's Magic Scroll Shoppe.
  1815 | D        | Found Viberote's Jewellery Shop.
  1818 | D        | Found Qujaoch's Antique Armour Emporium.
  1819 | D        | Bought a potion of heal wounds for 145 gold pieces
  1819 | D        | Found Kuciug's Distillery.
  1819 | D        | Found Jenahoar's Book Shoppe.
  1820 | D        | Found Otwysuodd's Antique Weapon Shop.
  1826 | D        | Bought an amulet of regeneration for 360 gold pieces
  1828 | D        | Bought a potion of mutation for 112 gold pieces
  1835 | D        | Lost mutation: Your body often deteriorates upon taking
                  | damage. [potion of mutation]
  1835 | D        | Lost mutation: You are dopey. (Int -2) [potion of mutation]
  1835 | D        | Lost mutation: You sometimes lose your temper in combat.
                  | [potion of mutation]
  1835 | D        | Gained mutation: You are robust. (+10% HP) [potion of
                  | mutation]
  1835 | D        | Gained mutation: You occasionally lose the ability to read
                  | scrolls when taking damage. [potion of mutation]
  1835 | D        | Gained mutation: You expend magic power (3 MP) to
                  | strengthen your wands. [potion of mutation]
  1900 | D        | HP: 6/122 [demonic crawler (6)]
  2011 | D        | Reached skill level 15 in Fighting
  2126 | D        | Mangled by a demonic crawler

Illustrated notes

Levels and vault maps discovered:
D:        dungeon_sprint_1 [red_sonja_temple_1, red_sonja_temple_small_1]

Skill      XL: |  1  2  3  4  5  6  7  8  9 10 11 |
---------------+----------------------------------+-----
Fighting       | 5 6 7 8 9 10 11 13 15 | 15.2
Axes           | 3 4 6 8 10 13 16 19 | 19.9
Armour         | 4 6 7 8 9 10 11 12 13 | 13.0
Shields        | 4 5 6 7 8 |  8.6
Dodging        | 1 2 3 4 5 |  5.3
Stealth        | 2 4 5 7 9 10 11 | 11.0
Evocations     | 1 |  1.7
Throwing       | 2 3 |  3.9

Action                     |  1- 3 |  4- 6 |  7- 9 | 10-12 || total
---------------------------+-------+-------+-------+-------++-------
  Melee: War axe           |    22 |    13 |    44 |   154 ||   233
  Throw: Dart              |       |       |     6 |       ||     6
  Evoke: Wand              |     1 |     1 |       |     2 ||     4
    Use: Potion            |       |       |     1 |    10 ||    11
         Scroll            |       |       |     1 |     1 ||     2
   Stab: Paralysed         |     5 |     3 |       |       ||     8
         Sleeping          |       |       |     2 |     4 ||     6
 Armour: Scale mail        |     5 |     3 |    15 |   110 ||   133
  Dodge: Dodged            |     3 |     2 |    14 |    84 ||   103
  Block: Buckler           |     8 |     3 |     4 |    43 ||    58

Table legend: (Time is in decaauts)
 A = Elapsed time spent in this place.
 B = Non-inter-level travel time spent in this place.
 C = Inter-level travel time spent in this place.
 D = Time resting spent in this place.
 E = Time spent auto-exploring this place.
 F = Levels seen in this place.
 G = Mean time per level.
                   A        B        C        D        E       F      G
               +--------+--------+--------+--------+--------+-----+--------+
         Total |   2104 |   2055 |     49 |   1005 |    227 |   1 | 2104.0 |
       Dungeon |   2104 |   2055 |     49 |   1005 |    227 |   1 | 2104.0 |
               +--------+--------+--------+--------+--------+-----+--------+

Top non-repeatable levels by time:
       D: 2104 daAuts
